 Dungeon Crawl Stone Soup version 0.29-a0-1027-gcd8c55af63 (webtiles) character file.

Game seed: 9478046819504466910

1040 MisterAzrael the Reanimator (level 8, 0/41 HPs)
             Began as a Deep Elf Necromancer on Aug 13, 2022.
             Slain by an orc wizard
             ... wielding a +0 dagger
              (1 damage)
             ... on level 5 of the Dungeon.
             The game lasted 00:12:03 (7660 turns).

MisterAzrael the Reanimator (Deep Elf Necromancer)  Turns: 7660, Time: 00:12:03

Health: 0/41       AC:  2    Str:  5    XL:     8   Next: 4%
Magic:  2/19       EV: 13    Int: 23    God:
Gold:   307        SH:  0    Dex: 21    Spells: 4/19 levels left

rFire   . . .      SeeInvis .   e - staff of death
rCold   . . .      Faith    .   B - orb {light}
rNeg    + + .      Spirit   .   x - +0 robe {rN+}
rPois   .          Reflect  .   (no helmet)
rElec   .          Harm     .   (no cloak)
rCorr   .          Rampage  .   (no gloves)
Will    .....                   (no boots)
Stlth   +.........              (no amulet)
HPRegen 0.13/turn               y - ring of wizardry
MPRegen 0.16/turn               o - +6 ring of dexterity

@: brilliant, hasted, glowing, very quick
A: no striking features
a: no special abilities


You were on level 5 of the Dungeon.
You visited 1 branch of the dungeon, and saw 5 of its levels.

You collected 307 gold pieces.

Inventory:

Missiles
 f - a throwing net
Armour
 a - a +0 robe
 x - a +0 robe of positive energy (worn)
 B - an orb of light (worn)
Magical Staves
 d - a staff of cold
 e - a staff of death (weapon)
Jewellery
 o - a +6 ring of dexterity (right hand)
 y - a ring of wizardry (left hand)
Scrolls
 c - 5 scrolls of identify
 h - a scroll of brand weapon {unknown}
 m - a scroll of acquirement {unknown}
 p - 3 scrolls of poison {unknown}
 r - a scroll of torment {unknown}
 s - 3 scrolls of fog {unknown}
 t - a scroll of amnesia {unknown}
 u - a scroll of summoning {unknown}
 v - a scroll of vulnerability {unknown}
Potions
 b - a potion of magic
 g - 2 potions of curing {unknown}
 i - a potion of heal wounds {unknown}
 j - a potion of attraction
 k - a potion of brilliance
 l - a potion of lignification {unknown}
 n - a potion of degeneration {unknown}
 q - a potion of haste
 w - 2 potions of flight {unknown}
 z - a potion of resistance {unknown}
 A - a potion of berserk rage {unknown}


   Skills:
 - Level 0.7 Staves
 - Level 2.6 Dodging
 - Level 2.7 Stealth
 + Level 6.1 Spellcasting
 * Level 4.6 Conjurations
 * Level 8.5 Necromancy
 - Level 0.8 Ice Magic
 - Level 3.1 Poison Magic
 - Level 1.0 Evocations


You had 4 spell levels left.
You knew the following spells:

 Your Spells              Type           Power      Damage    Failure   Level
a - Necrotise             Necr           100%       1d9       1%          1
b - Poisonous Vapours     Pois/Air       42%        N/A       2%          2
c - Animate Dead          Necr           81%        N/A       1%          4
d - Sticky Flame          Conj/Fire      26%        2d5       13%         4
e - Magic Dart            Conj           100%       1d8       1%          1
f - Vampiric Draining     Necr           81%        2d11      1%          3

Your spell library contained the following spells:

 Spells                   Type           Power      Damage    Failure   Level
 Sting                    Tmut/Pois      84%        1d7       1%          1
 Mephitic Cloud           Conj/Pois/Air  28%        N/A       3%          3
 Conjure Flame            Conj/Fire      26%        6-21      4%          3
 Call Imp                 Summ           10%        N/A       5%          2
 Ignite Poison            Fire/Tmut/Pois 17%        N/A       6%          3
 Olgreb's Toxic Radiance  Pois           32%        N/A       9%          4
 Agony                    Necr           81%        N/A       2%          5


Dungeon Overview and Level Annotations

Branches:
Dungeon (5/15)
 Temple: D:4-7

Altars:
Elyvilon
Uskayaw
Zin
The Shining One

Annotations:
D:5 1 runed translucent door, Crazy Yiuf


Message History

* * * LOW HITPOINT WARNING * * *
Aiming: Vampiric Draining (safe; 1% risk of failure)
Press: ? - help, Q - select action, (/) - cycle Shift-Dir - straight line, f - orc priest
Aim: an orc priest, wielding a +0 mace of protection and wearing a +0 leather armour (haloed)
You feel a surge of power!
You draw life force from the orc priest!
You feel life coursing into your body. The orc priest closely misses you.
Aiming: Vampiric Draining (safe; 1% risk of failure)
Press: ? - help, Q - select action, (/) - cycle Shift-Dir - straight line, f/p - orc priest
Aim: an orc priest, wielding a +0 mace of protection and wearing a +0 leather armour (heavily wounded, haloed)
You feel a surge of power!
You draw life force from the orc priest!
You kill the orc priest!
You feel life coursing into your body.
You start resting.
An orc wizard comes into view. It is wielding a +0 dagger.
Aiming: Vampiric Draining (safe; 1% risk of failure)
Press: ? - help, Q - select action, (/) - cycle Shift-Dir - straight line, f - orc wizard
Aim: an orc wizard, wielding a +0 dagger and wearing a +0 robe (haloed)
You feel a surge of power!
You draw life force from the orc wizard.
You feel life coursing into your body. The orc wizard closely misses you.
You hit the orc wizard but do no damage.
The orc wizard is lightly wounded.
The orc wizard hits you but does no damage.
You closely miss the orc wizard.
The orc wizard is lightly wounded.
The orc wizard casts a spell at you. The puff of flame hits you!
* * * LOW HITPOINT WARNING * * *
The orc wizard barely misses you.
It was a potion of brilliance.
You feel clever all of a sudden.
The orc wizard casts a spell.
The orc wizard flickers and vanishes for a moment.
It was a potion of haste.
You feel yourself speed up.
The orc wizard hits you with a +0 dagger.
You die...

#♣..#..##.##.....g..######
#.♣.#..#...##..##.###
###.#....)..#...#.#
#.#..........#..#
#.#.......>..[..#
#........)..##.##
♣..#......#.#.#
....#..o.)##..#
##...#..#@## # ##. #..#)#
#..#.# #. #.. ### #####
#)..# #...# ... #+#


You could see an orc wizard (invisible).

Vanquished Creatures
  2 ice beasts (D:5)
  A black bear (D:5)
  A phantom (D:4)
  A necrophage (D:4)
  A scorpion (D:4)
  3 hounds
  A jelly (D:5)
  4 orc priests
  3 iguanas (D:4)
  Natasha (twice) (D:3)
  An orc wizard (D:3)
  A gnoll (D:5)
  5 adders
  2 worms (D:5)
  4 dart slugs
  11 orcs
  10 endoplasms
  4 giant cockroaches
  10 goblins
  9 hobgoblins
  4 jackals
  3 quokkas (D:1)
  7 ball pythons
  4 bats
  A frilled lizard (D:1)
  4 kobolds
  5 rats
104 creatures vanquished.

Vanquished Creatures (collateral kills)
  A gnoll (D:5)
  An adder (D:3)
  An orc (D:5)
  A frilled lizard (D:1)
4 creatures vanquished.

Vanquished Creatures (others)
  A jelly (D:5)
  A hound zombie (D:4)
  An iguana zombie (D:4)
  A gnoll zombie (D:5)
  A goblin zombie (D:4)
  A jackal zombie (D:4)
  A kobold zombie (D:4)
  31 plants (D:5)
38 creatures vanquished.

Grand Total: 146 creatures vanquished

Notes
Turn   | Place    | Note
-------+----------+-------------------------------------------
     0 | D:1      | MisterAzrael the Deep Elf Necromancer began the quest for
                  | the Orb.
     0 | D:1      | Reached XP level 1. HP: 10/10 MP: 6/6
   298 | D:1      | Reached skill level 5 in Necromancy
   298 | D:1      | Reached XP level 2. HP: 4/15 MP: 6/8
  1029 | D:1      | Reached XP level 3. HP: 19/19 MP: 5/9
  1707 | D:2      | Reached skill level 1 in Evocations
  1791 | D:2      | Learned a level 2 spell: Poisonous Vapours
  2624 | D:3      | Reached skill level 1 in Poison Magic
  2624 | D:3      | Reached XP level 4. HP: 16/24 MP: 3/11
  3230 | D:3      | Noticed Natasha
  3234 | D:3      | Killed Natasha
  3235 | D:3      | Reached skill level 6 in Necromancy
  3235 | D:3      | Reached XP level 5. HP: 28/28 MP: 8/13
  3423 | D:3      | Learned a level 4 spell: Animate Dead
  3822 | D:3      | Noticed Natasha
  3828 | D:3      | Killed Natasha
  4004 | D:4      | Reached XP level 6. HP: 24/32 MP: 8/14
  4101 | D:4      | Learned a level 4 spell: Sticky Flame
  4725 | D:4      | Reached skill level 1 in Conjurations
  4774 | D:4      | Learned a level 1 spell: Magic Dart
  4813 | D:4      | Reached skill level 7 in Necromancy
  5040 | D:4      | Found a glowing silver altar of Zin.
  5043 | D:4      | Found a white marble altar of Elyvilon.
  5044 | D:4      | Found a glowing golden altar of the Shining One.
  5082 | D:4      | Reached skill level 5 in Spellcasting
  5454 | D:4      | Reached XP level 7. HP: 18/36 MP: 1/16
  6125 | D:5      | Entered Level 5 of the Dungeon
  6571 | D:5      | Found a runed translucent door.
  6572 | D:5      | Noticed Crazy Yiuf
  6747 | D:5      | Reached skill level 8 in Necromancy
  6979 | D:5      | Noticed a +0 dagger
  6979 | D:5      | Noticed a +0 short sword
  6980 | D:5      | Noticed a +0 short sword
  6980 | D:5      | Noticed a +0 spear
  6981 | D:5      | Noticed a +0 spear
  6981 | D:5      | Noticed a +0 falchion
  6981 | D:5      | Noticed a +0 dagger
  6982 | D:5      | Noticed a +0 falchion
  6983 | D:5      | Found a hide-covered altar of Uskayaw.
  7479 | D:5      | Learned a level 3 spell: Vampiric Draining
  7652 | D:5      | Reached XP level 8. HP: 10/41 MP: 10/19
  7658 | D:5      | HP: 1/41 [orc wizard/puff of flame (12)]
  7660 | D:5      | Slain by an orc wizard

Illustrated notes

Levels and vault maps discovered:
D:1:      minmay_arrival_plants_in_alcoves, layout_basic,
          hangedman_decor_points, st_stairs_13, minmay_pentomino_r4
D:2:      layout_basic, due_unseen_surprise
D:3:      layout_basic, shapermc_ecumenical_altar_petra, uniq_natasha
D:4:      layout_loops_corners, good_gods_temple_1, minmay_quantized
D:5:      kennysheep_kobold_camp, layout_loops_ring, nicolae_uskayaw_en_pointe,
          nicolae_gozag_cash_rules_everything_around_me, st_stairs_12,
          uniq_crazy_yiuf_cottage, uniq_prince_ribbit1

Skill      XL: |  1  2  3  4  5  6  7 |
---------------+----------------------+-----
Necromancy     | 5 6 7 8 |  8.5
Evocations     | 1 |  1.0
Poison Magic   | 1 2 3 |  3.1
Spellcasting   | 4 5 6 |  6.1
Conjurations   | 2 4 |  4.6
Staves         | |  0.7
Dodging        | |  2.6
Stealth        | |  2.7
Ice Magic      | |  0.8

Action                   |  1- 3 |  4- 6 |  7- 9 || total
-------------------------+-------+-------+-------++-------
Melee: Staff             |     8 |    30 |     3 ||    41
 Cast: Necrotise         |    75 |    72 |    43 ||   190
       Poisonous Vapours |       |     3 |       ||     3
       Magic Dart        |       |    30 |     3 ||    33
       Animate Dead      |       |     2 |     1 ||     3
       Sticky Flame      |       |     1 |     4 ||     5
       Vampiric Draining |       |       |    11 ||    11
  Use: Scroll            |     1 |     3 |     2 ||     6
       Potion            |       |       |     3 ||     3
Armor: Robe              |     2 |    15 |     3 ||    20
Dodge: Dodged            |    26 |    65 |    26 ||   117

Table legend: (Time is in decaauts)
 A = Elapsed time spent in this place.
 B = Non-inter-level travel time spent in this place.
 C = Inter-level travel time spent in this place.
 D = Time resting spent in this place.
 E = Time spent auto-exploring this place.
 F = Levels seen in this place.
 G = Mean time per level.
                   A        B        C        D        E       F      G
               +--------+--------+--------+--------+--------+-----+--------+
         Total |   7675 |   7553 |    122 |   2434 |   4104 |   5 | 1535.0 |
       Dungeon |   7675 |   7553 |    122 |   2434 |   4104 |   5 | 1535.0 |
               +--------+--------+--------+--------+--------+-----+--------+

Top non-repeatable levels by time:
     D:4: 2188 daAuts
     D:1: 1700 daAuts
     D:5: 1534 daAuts
     D:3: 1365 daAuts
     D:2: 886 daAuts
